 Dungeon Crawl Stone Soup version 0.31-a0-1620-gcbf77bbcfc (webtiles) character file.

Game seed: 2229447089722712173

32 senseless the Magician (level 3, 33/33 HPs)
             Began as an Oni Hedge Wizard on Jan 11, 2024.
             Quit the game on level 2 of the Dungeon on Jan 12, 2024.
             The game lasted 00:03:51 (1636 turns).

senseless the Magician (Oni Hedge Wizard)           Turns: 1636, Time: 00:03:52

Health: 33/33      AC:  3    Str: 16    XL:     3   Next: 25%
Magic:  8/8        EV:  9    Int: 15    God:
Gold:   48         SH:  0    Dex:  8    Spells: 8/9 levels left

rFire   + . .        g - staff of fire
rCold   . . .        (no shield)
rNeg    . . .        b - +0 robe
rPois   .            c - +0 hat
rElec   .            (no cloak)
rCorr   .            (gloves unavailable)
SInv    .            (boots unavailable)
Will    .....        (no amulet)
Stlth   +            (no ring)
HPRegen 0.25/turn    (no ring)
MPRegen 0.11/turn

%: no passive effects
@: no status effects
A: large, unfitting armour, horns 1, tough skin 1, double potion healing,
drunken brawling
a: no special abilities


You were on level 2 of the Dungeon.
You visited 1 branch of the dungeon, and saw 2 of its levels.

You collected 48 gold pieces.

Inventory:

Hand Weapons
 a - a +0 dagger
Armour
 b - a +0 robe (worn)
 c - a +0 hat (worn)
Magical Staves
 g - a staff of fire (weapon)
Jewellery
 i - a ring of ice
Talismans
 f - a beast talisman
Scrolls
 e - 3 scrolls of identify {unknown}
Potions
 d - a potion of magic
 h - a potion of attraction {unknown}


   Skills:
 + Level 1.2 Fighting
 + Level 0.1 Staves
 + Level 2.1 Dodging
 + Level 1.5 Stealth
 + Level 3.8 Spellcasting
 + Level 1.2 Conjurations
 + Level 1.2 Summonings
 + Level 1.2 Translocations


You had 8 spell levels left.
You knew the following spells:

 Your Spells              Type           Power      Damage    Failure   Level
a - Magic Dart            Conj           24%        1d4       11%         1

Your spell library contained the following spells:

 Spells                   Type           Power      Damage    Failure   Level
 Blink                    Tloc           12%        N/A       17%         2
 Call Imp                 Summ           12%        N/A       17%         2
 Slow                     Hex            8%         N/A       19%         1
 Cigotuvi's Dreadful Rot  Necr/Alch/Air  4%         N/A       28%         2
 Mephitic Cloud           Conj/Alch/Air  4%         N/A       43%         3


Dungeon Overview and Level Annotations

Branches:
Dungeon (2/15)

Altars:


Innate Abilities, Weirdness & Mutations

You are too large for most types of armour.
You have a pair of small horns on your head.
You have tough skin. (AC +1)
You gain doubled healing and magic from potions.
Whenever you drink a healing potion, you attack all around you.


Message History

The kobold is moderately wounded.
The magic dart hits the kobold.
The kobold is heavily wounded.
The magic dart hits the kobold.
The kobold is severely wounded.
The magic dart hits the kobold.
You kill the kobold!
Your magical contamination has completely faded away.
Things that are here:
a +0 short sword; a kobold corpse You see here a +0 whip.
You enter the shallow water.
You enter the shallow water.
Done exploring.
Search for what [? for help]? .
Done exploring.
You enter the shallow water.
You see here a +0 whip.
There is a stone staircase leading down here.
You climb downwards.
Found a fizzy inky potion.
There is a stone staircase leading up here.
Found a stone staircase leading up.
Found a spear.
Found an escape hatch in the ceiling.
h - a fizzy inky potion
i - a ring of ice A hobgoblin comes into view.
The hobgoblin shouts!
You hit the hobgoblin.
The hobgoblin is heavily wounded.
The hobgoblin hits you but does no damage.
The magic dart hits the hobgoblin.
You kill the hobgoblin!
Magic restored.
Found a stone staircase leading down.
There is a stone staircase leading down here.
Found 8 stones.
Welcome back, senseless the Oni Hedge Wizard.
Press ? for a list of commands and other information.
Are you sure you want to abandon this character and quit the game? (Confirm with "yes".)

#.#..####..#### ..
#..# #..## ..
#..###.## ..
#....#.# ...
##.#.#.# ....
#<.#...######..
(....#..............
.......##.########..
.......@..#
##.....##>#
.....#.#### ######.#
#.# #. #. #.


There were no monsters in sight!

Vanquished Creatures
  4 ball pythons (D:1)
  2 giant cockroaches (D:1)
  4 goblins (D:1)
  9 hobgoblins
  A quokka (D:1)
  A bat (D:1)
  3 kobolds (D:1)
  3 rats (D:1)
27 creatures vanquished.

Notes
Turn   | Place    | Note
-------+----------+-------------------------------------------
     0 | D:1      | senseless the Oni Hedge Wizard began the quest for the Orb.
     0 | D:1      | Reached XP level 1. HP: 16/16 MP: 5/5
   138 | D:1      | Reached skill level 1 in Conjurations
   138 | D:1      | Reached skill level 1 in Translocations
   263 | D:1      | Reached skill level 1 in Summonings
   319 | D:1      | Reached XP level 2. HP: 26/26 MP: 3/6
   730 | D:1      | Reached skill level 1 in Fighting
   898 | D:1      | Reached XP level 3. HP: 33/33 MP: 0/8
  1636 | D:2      | Quit the game

Illustrated notes

Levels and vault maps discovered:
D:1:      nagdon_arrival_double_spiral, layout_basic
D:2:      layout_basic

Skill      XL: |  1  2 |
---------------+-------+-----
Conjurations   | 1 |  1.2
Translocations | 1 |  1.2
Summonings     | 1 |  1.2
Dodging        | 2 |  2.1
Fighting       | 1 |  1.2
Staves         | |  0.1
Stealth        | |  1.5
Spellcasting   | |  3.8

Action                     || total
---------------------------++-------
  Melee: Dagger            ||    14
         Staff             ||    21
         Headbutt          ||     3
   Cast: Magic Dart        ||    61
 Armour: Robe              ||    22
  Dodge: Dodged            ||    36

Table legend: (Time is in decaauts)
 A = Elapsed time spent in this place.
 B = Non-inter-level travel time spent in this place.
 C = Inter-level travel time spent in this place.
 D = Time resting spent in this place.
 E = Time spent auto-exploring this place.
 F = Levels seen in this place.
 G = Mean time per level.
                   A        B        C        D        E       F      G
               +--------+--------+--------+--------+--------+-----+--------+
         Total |   1639 |   1585 |     54 |      0 |   1405 |   2 |  819.5 |
       Dungeon |   1639 |   1585 |     54 |      0 |   1405 |   2 |  819.5 |
               +--------+--------+--------+--------+--------+-----+--------+

Top non-repeatable levels by time:
     D:1: 1599 daAuts
     D:2: 39 daAuts
